 Dungeon Crawl Stone Soup version 0.30-a0-1008-g30c9307041 (webtiles) character file.

Game seed: 11199945883645931560

821 Zeldest the Covert (level 7, 0/62 HPs)
             Began as a Naga Enchanter on Apr 5, 2023.
             Was a Believer of Sif Muna.
             Slain by a black bear (1 damage)
             ... on level 5 of the Dungeon.
             The game lasted 00:13:38 (4282 turns).

Zeldest the Covert (Naga Enchanter)                 Turns: 4282, Time: 00:13:38

Health: 0/62       AC:  8    Str:  9 (10) XL:     7   Next: 95%
Magic:  6/12       EV:  9    Int: 17 (18) God:    Sif Muna [**....]
Gold:   268        SH:  0    Dex: 11      Spells: 8/13 levels left

rFire   . . .      SeeInvis +    a - +1 dagger
rCold   . . .      Faith    .    (no shield)
rNeg    . . .      Spirit   .    y - +3 leather armour
rPois   +          Reflect  .    (no helmet)
rElec   .          Rampage  .    (no cloak)
rCorr   .                        A - +1 pair of gloves
Will    .....                    (no barding)
Stlth   +++                      (no amulet)
HPRegen 0.30/turn                r - ring of wizardry
MPRegen 0.13/turn                (no ring)

@: confusing by touch, very slow
A: AC +2, large, see invisible, deformed body, poison resistance, slowness 2,
spit poison 1, naga tail 1, screaming 1
a: Spit Poison, Renounce Religion, Channel Magic


You were on level 5 of the Dungeon.
You worshipped Sif Muna.
Sif Muna was pleased with you.
You visited 1 branch of the dungeon, and saw 8 of its levels.
You also visited: Sewer.

You collected 268 gold pieces.

Inventory:

Hand Weapons
 a - a +1 dagger (weapon)
 j - a +1 flail of venom
Armour
 y - a +3 leather armour (worn)
 A - a +1 pair of gloves (worn)
Magical Staves
 n - a staff of earth
Jewellery
 r - a ring of wizardry (left hand)
Wands
 D - a wand of digging (3)
Scrolls
 b - a scroll of fog {unknown}
 e - 2 scrolls of vulnerability {unknown}
 g - 3 scrolls of poison
 i - 2 scrolls of identify {unknown}
 l - a scroll of blinking {unknown}
 q - 2 scrolls of fear {unknown}
 u - 2 scrolls of summoning {unknown}
 v - 3 scrolls of teleportation {unknown}
 w - a scroll of magic mapping {unknown}
 B - a scroll of silence {unknown}
 C - a scroll of brand weapon {unknown}
Potions
 c - a potion of invisibility
 d - 2 potions of degeneration
 f - 2 potions of ambrosia {unknown}
 h - 3 potions of brilliance
 k - 2 potions of mutation
 m - a potion of berserk rage {unknown}
 o - a potion of curing {unknown}
 p - a potion of lignification
 s - a potion of might
 t - a potion of resistance {unknown}
 x - a potion of heal wounds
 z - a potion of attraction {unknown}


   Skills:
 + Level 3.3 Fighting
 - Level 1.5 Short Blades
 - Level 1.5 Dodging
 - Level 8.0 Stealth
 + Level 3.5 Spellcasting
 - Level 5.0 Hexes
 - Level 1.0 Ice Magic
 + Level 3.5 Invocations


You had 8 spell levels left.
You knew the following spells:

 Your Spells              Type           Power      Damage    Failure   Level
a - Ensorcelled Hibernat  Hex/Ice        26%        N/A       4%          2
b - Confusing Touch       Hex            20%        N/A       3%          3

Your spell library contained the following spells:

 Spells                   Type           Power      Damage    Failure   Level
 Tukima's Dance           Hex            20%        N/A       3%          3
 Dazzling Flash           Conj/Hex       22%        N/A       11%         3
 Portal Projectile        Hex/Tloc       22%        N/A       11%         3
 Summon Lightning Spire   Summ/Air       3%         N/A       65%         4
 Blade Hands              Tmut           1%         N/A       92%         5
 Storm Form               Tmut/Air       1%         N/A       100%        7
 Maxwell's Capacitive Co  Air            1%         ∞         100%        8


Dungeon Overview and Level Annotations

Branches:
Dungeon (8/15) Zot: 26953  Temple (0/1) D:4           Sewer (visited)
   Lair: D:8-11

Altars:
Sif Muna
Yredelemnul

Shops:
D:1 [   D:5 (

Annotations:
D:7 Joseph


Innate Abilities, Weirdness & Mutations

Your serpentine skin is tough. (AC +2)
You have supernaturally acute eyesight. (SInv)
Armour fits poorly on your strangely shaped body.
Your system is resistant to poisons. (rPois)
You cover ground very slowly.
You can spit poison.
You have a snake-like lower body.
You occasionally shout uncontrollably at your foes.


Message History

The black bear claws you but does no damage.
Okay, then.
Casting: Ensorcelled Hibernation (safe; 4% risk of failure)
Confirm with . or Enter, or press ? or * to list all spells.
Okay, then.
You hit the black bear.
The black bear is almost dead.
The black bear bites you. The black bear claws you.
The black bear barely misses you.
Casting: Ensorcelled Hibernation (safe; 4% risk of failure)
Confirm with . or Enter, or press ? or * to list all spells.
Your hands begin to glow red.
The black bear bites you. The black bear claws you.
* * * LOW HITPOINT WARNING * * *
The black bear completely misses you.
The black bear bites you but does no damage.
The black bear claws you.
* * * LOW HITPOINT WARNING * * *
The black bear claws you but does no damage.
You hit the black bear but do no damage.
The black bear is almost dead.
The black bear barely misses you. The black bear claws you.
* * * LOW HITPOINT WARNING * * *
The black bear claws you but does no damage.
You closely miss the black bear.
The black bear is almost dead.
You have got your breath back.
The black bear bites you.
* * * LOW HITPOINT WARNING * * *
The black bear claws you but does no damage.
The black bear closely misses you. The black bear bites you!
* * * LOW HITPOINT WARNING * * *
The black bear claws you.
* * * LOW HITPOINT WARNING * * *
The black bear barely misses you.
You hit the black bear but do no damage.
The black bear is almost dead.
The black bear closely misses you. The black bear barely misses you.
The black bear claws you.
You die...

#.# #. #.# #. #.#
# #.# #####
#.##.### #...
#......###.##
####....#...####.#
...
#....∩..[....>.
... ##...#.@.##...
.#. ##.###h## #.
#.# #.). .# #. ..#
#.### h# ## ####
#.# .# #?# .# #
#.### .##.# .....
... ###.#.#


You could see a black bear (berserk).

Vanquished Creatures
  Pargi (Sewer)
  An orc warrior (D:8)
  An ogre (D:4)
  A scorpion (D:4)
  A wight (D:8)
  A howler monkey (D:7)
  An orc priest (D:8)
  3 hounds (D:4)
  2 iguanas (D:4)
  2 orc wizards
  A scorpion zombie (D:3)
  A hound zombie (D:3)
  A gnoll (D:1)
  5 adders
  An adder zombie (D:3)
  3 worms
  5 dart slugs
  5 orcs
  4 bats
  5 endoplasms
  8 hobgoblins
  4 jackals
  2 quokkas
  4 ball pythons
  4 frilled lizards
  4 goblins
  8 kobolds
  7 rats
86 creatures vanquished.

Notes
Turn   | Place    | Note
-------+----------+-------------------------------------------
     0 | D:1      | Zeldest the Naga Enchanter began the quest for the Orb.
     0 | D:1      | Reached XP level 1. HP: 15/15 MP: 3/3
    18 | D:1      | Found Amutue's Armour Shoppe.
   119 | D:1      | Found a faded altar of an unknown god.
   279 | D:1      | Prayed at the altar of an unknown god.
   279 | D:1      | Became a worshipper of Sif Muna the Loreminder
   279 | D:1      | Reached * piety under Sif Muna
   329 | D:1      | Reached XP level 2. HP: 22/22 MP: 5/5
   437 | D:1      | Learned a level 2 spell: Ensorcelled Hibernation
   709 | D:1      | Reached skill level 5 in Stealth
   709 | D:1      | Reached XP level 3. HP: 28/28 MP: 6/6
  1075 | D:2      | Reached skill level 1 in Ice Magic
  1201 | D:2      | Reached ** piety under Sif Muna
  1460 | D:3      | Reached XP level 4. HP: 17/36 MP: 4/7
  1671 | D:3      | Found a basalt altar of Yredelemnul.
  1714 | D:3      | Reached skill level 6 in Stealth
  1742 | D:3      | Reached XP level 5. HP: 8/42 MP: 8/8
  2404 | D:4      | Found a glowing drain.
  2453 | D:4      | Noticed an ogre
  2582 | D:4      | Reached skill level 1 in Fighting
  2656 | Sewer    | Entered a sewer
  2815 | Sewer    | Noticed Pargi
  2833 | Sewer    | Learned a level 3 spell: Confusing Touch
  2845 | Sewer    | Killed Pargi
  2846 | Sewer    | Reached skill level 7 in Stealth
  2846 | Sewer    | Reached skill level 1 in Invocations
  2846 | Sewer    | Reached XP level 6. HP: 37/51 MP: 3/9
  3018 | D:4      | Found a staircase to the Ecumenical Temple.
  3172 | D:4      | Reached XP level 7. HP: 60/60 MP: 7/11
  3234 | D:4      | Reached skill level 5 in Hexes
  3698 | D:5      | Entered Level 5 of the Dungeon
  3927 | D:5      | You fall into a shaft and drop 3 floors!
  3942 | D:7      | Noticed Joseph
  3961 | D:8      | Noticed a yak
  3961 | D:8      | Noticed a yak
  3961 | D:8      | Noticed a yak
  3961 | D:8      | Noticed a yak
  3986 | D:8      | Gained mutation: You occasionally shout uncontrollably at
                  | your foes. [potion of mutation]
  3994 | D:8      | Reached skill level 8 in Stealth
  4259 | D:5      | Found Geucoppu's Weapon Boutique.
  4281 | D:5      | HP: 1/62 [black bear (6)]
  4282 | D:5      | Slain by a black bear

Illustrated notes

Levels and vault maps discovered:
D:1:      dpeg_arrival_tiny_g, layout_loops_ring, serial_shops, shop,
          chequers_ecumenical_altar_simple_redux, st_stairs_14
D:2:      layout_basic, hangedman_decor_opposing
D:3:      layout_loops_ring, nicolae_yredelemnul_corpse_copse, chequers_jeans
D:4:      layout_basic, minmay_temple_entry_mist, cheibrodos_sewer_entry_drain
D:5:      layout_loops_ring, serial_shops, shop, patterned_corridor
D:6:      minmay_evil_eye, layout_basic
D:7:      layout_cave_pools, uniq_joseph, uniq_crazy_yiuf_cottage
D:8:      layout_loops_ring, serial_shops, nicolae_shop_bloodbath_and_beyond,
          minmay_increasing_density

Skill      XL: |  1  2  3  4  5  6  7 |
---------------+----------------------+-----
Stealth        | 5 6 7 8 |  8.0
Ice Magic      | 1 |  1.0
Hexes          | 4 5 |  5.0
Fighting       | 1 2 3 |  3.3
Invocations    | 1 2 3 |  3.5
Spellcasting   | 3 |  3.5
Short Blades   | |  1.5
Dodging        | |  1.5

Action                     |  1- 3 |  4- 6 |  7- 9 || total
---------------------------+-------+-------+-------++-------
  Melee: Dagger            |   127 |   154 |    50 ||   331
         Punch             |     1 |       |       ||     1
   Cast: Ensorcelled Hiber |     2 |    17 |    10 ||    29
         Confusing Touch   |       |     1 |     3 ||     4
Ability: Spit Poison       |    10 |     3 |    10 ||    23
    Use: Potion            |       |     1 |     7 ||     8
         Scroll            |       |       |     1 ||     1
   Stab: Sleeping          |     5 |    18 |     7 ||    30
         Invisible         |       |     2 |     3 ||     5
 Armour: Robe              |    49 |    30 |     2 ||    81
         Leather armour    |       |       |    31 ||    31
         Skin              |       |       |    13 ||    13
  Dodge: Dodged            |    89 |    71 |    30 ||   190

Table legend: (Time is in decaauts)
 A = Elapsed time spent in this place.
 B = Non-inter-level travel time spent in this place.
 C = Inter-level travel time spent in this place.
 D = Time resting spent in this place.
 E = Time spent auto-exploring this place.
 F = Levels seen in this place.
 G = Mean time per level.
                   A        B        C        D        E       F      G
               +--------+--------+--------+--------+--------+-----+--------+
         Total |   5351 |   5189 |    162 |    975 |   2743 |   9 |  594.6 |
       Dungeon |   5049 |   4887 |    162 |    915 |   2673 |   8 |  631.1 |
         Sewer |    301 |    301 |      0 |     60 |     70 |   1 |  301.0 |
               +--------+--------+--------+--------+--------+-----+--------+

Top non-repeatable levels by time:
     D:3: 1296 daAuts
     D:4: 1164 daAuts
     D:1: 1070 daAuts
     D:2: 804 daAuts
     D:5: 342 daAuts
   Sewer: 301 daAuts
     D:8: 300 daAuts
     D:7: 50 daAuts
     D:6: 20 daAuts
